 Dungeon Crawl Stone Soup version 0.31-a0-986-g5e6e4ef867 (webtiles) character file.

Game seed: 12504316841146856569

17782 p00ps00p the Cleaver (level 12, 0/169 HPs)
             Began as a Hill Orc Fighter on Nov 9, 2023.
             Was an Initiate of Beogh.
             Succumbed to an orange demon's poison
             ... on level 2 of the Orcish Mines.
             The game lasted 00:32:32 (16420 turns).

p00ps00p the Cleaver (Hill Orc Fighter)            Turns: 16420, Time: 00:32:32

Health: 0/169      AC: 26    Str: 24    XL:     12   Next: 51%
Magic:  12/12      EV:  2    Int: 14    God:    Beogh [......]
Gold:   143        SH:  6    Dex: 10    Spells: 11/11 levels left

rFire   . . .        a - +3 war axe (freeze)
rCold   . . .        c - +0 buckler
rNeg    . . .        k - melded +0 plate armour
rPois   +            y - melded +2 helmet
rElec   .            w - melded +1 cloak
rCorr   .            j - melded +1 pair of gloves {hurl}
SInv    .            q - melded +2 pair of boots
Will    .....        (no amulet)
Stlth   +            r - ring of flight
HPRegen 0.48/turn    h - +6 ring of intelligence
MPRegen 0.13/turn

%: no passive effects
@: mighty, lethally poisoned (0 -> -5), tree-form, hasted, very quick
A: stationary, stasis, torment immunity, boosted hp, (claws 1)
a: Renounce Religion


You were on level 2 of the Orcish Mines.
You worshipped Beogh.
Beogh was noncommittal.
You were a tree.
You visited 3 branches of the dungeon, and saw 13 of its levels.

You collected 2495 gold pieces.
You spent 412 gold pieces at shops.
You paid 1940 gold pieces to Gozag.

Inventory:

Hand Weapons
 a - a +3 war axe of freezing (weapon)
 f - a +1 whip of flaming
 n - a +1 war axe
 C - a +1 whip of flaming
Missiles
 x - 13 poisoned darts
 B - 6 curare-tipped darts (quivered)
 E - 3 throwing nets
Armour
 c - a +0 buckler (worn)
 j - a +1 pair of gloves of hurling (melded)
 k - a +0 plate armour (melded)
 q - a +2 pair of boots (melded)
 w - a +1 cloak (melded)
 y - a +2 helmet (melded)
Jewellery
 h - a +6 ring of intelligence (right branch)
 r - a ring of flight (left branch)
Wands
 d - a wand of flame (33)
 m - a wand of mindburst (9)
 t - a wand of polymorph (10)
 D - a wand of iceblast (5)
Scrolls
 z - a scroll of poison
Potions
 e - 2 potions of brilliance
 o - 3 potions of degeneration
 v - 2 potions of enlightenment
 G - 2 potions of might
Miscellaneous
 F - a condenser vane (inert)


   Skills:
 + Level 12.7 Fighting
 + Level 13.4 Axes
 + Level 11.6 Armour
 + Level 11.6 Shields


You had 11 spell levels left.
You didn't know any spells.
Your spell library contained the following spells:

 Spells                   Type           Power      Damage    Failure   Level
 Apportation              Tloc           0%         N/A       32%         1
 Foxfire                  Conj/Fire      0%         2x1d4     32%         1
 Summon Small Mammal      Summ           0%         N/A       32%         1
 Jinxbite                 Hex            0%         N/A       43%         2
 Lesser Beckoning         Tloc           0%         N/A       43%         2
 Call Canine Familiar     Summ           0%         N/A       67%         3
 Gell's Gravitas          Tloc           0%         N/A       67%         3
 Summon Guardian Golem    Hex/Summ       0%         N/A       67%         3
 Teleport Other           Tloc           0%         N/A       67%         3
 Alistair's Intoxication  Tmut/Pois      0%         N/A       100%        5
 Borgnjor's Vile Clutch   Necr/Erth      0%         N/A       100%        5
 Eringya's Noxious Bog    Tmut/Pois      0%         4d6       100%        6
 Plasma Beam              Fire/Air       0%         2x1d10    100%        6
 Starburst                Conj/Fire      0%         6d3       100%        6


Dungeon Overview and Level Annotations

Branches:
Dungeon (10/15)            Temple (1/1) D:7            Lair (0/5) D:10
    Orc (2/2) D:9             Elf (0/3) Orc:2

Altars:
Ashenzari
Cheibriados
Dithmenos
Elyvilon
Fedhas
Gozag
Hepliaklqana
Kikubaaqudgha
Makhleb
Nemelex Xobeh
Okawaru
Qazlal
Ru
Sif Muna
Trog
Uskayaw
Vehumet
Wu Jian
Xom
Yredelemnul
Zin
The Shining One
Beogh

Shops:
D:1 [   D:4 =   D:8 :   Orc:2 =[*

Annotations:
D:10 Lodul


Innate Abilities, Weirdness & Mutations

You are a tree.
Your roots penetrate the ground, keeping you stationary.
You cannot be teleported.
You are immune to unholy pain and torment.
Your maximum health is greatly increased.
Your equipment is partially melded.
((You have sharp fingernails.))


Message History

* * * LOW HITPOINT WARNING * * *
You feel very sick.
* * * LOW HITPOINT WARNING * * *
You feel very sick.
* * * LOW HITPOINT WARNING * * *
You feel very sick.
The orc high priest no longer looks unusually strong.
The orc warrior no longer looks unusually strong.
There is a lethal amount of poison in your body!
You turn into a tree.
Your +1 cloak melds into your body.
Your +2 helmet melds into your body.
Your +1 pair of gloves of hurling melds into your body.
Your +2 pair of boots melds into your body.
Your +0 plate armour melds into your body.
Your aim is not that steady anymore.
Your roots penetrate the ground.
* * * LOW HITPOINT WARNING * * *
You feel very sick.
You cannot move.
It was a potion of magic.
Magic courses through your body.
* * * LOW HITPOINT WARNING * * *
You feel very sick.
Okay, then.
There is a lethal amount of poison in your body!
There is a lethal amount of poison in your body!
There is a lethal amount of poison in your body!
There is a lethal amount of poison in your body!
There is a lethal amount of poison in your body!
There is a lethal amount of poison in your body!
There is a lethal amount of poison in your body!
* * * LOW HITPOINT WARNING * * *
You feel sick.
* * * LOW HITPOINT WARNING * * *
You feel very sick.
* * * LOW HITPOINT WARNING * * *
You feel sick.
* * * LOW HITPOINT WARNING * * *
You feel sick.
* * * LOW HITPOINT WARNING * * *
You feel sick.
You die...

.......#.#......##.#...# ####
##.............##.....## ##.##
...#........###......## #....
##..#.#...#.#........## ##...
.................[....# ###...
.....................### ##.....
.#.....................####.##...
.#..........#...........=.###....
.#............#.♣..###.....##....
................$### ###...###.#.
...#.............# ####..##.##.
..#......o....#.## #.##.[......
...............## ####...)...#..
....^........).# ##.....)[[.#...
#..............# ##..............
...............###...............
..............###................


You could see a neutral orc warrior (wandering).

Vanquished Creatures
  3 two-headed ogres
  Pikel (D:6)
  5 orc sorcerers
  3 orc knights (Orc:2)
  2 cyclopes
  Jeremiah (D:8)
  An unseen horror zombie (D:8)
  Psyche (D:10)
  5 trolls
  6 saltlings (Orc:2)
  Sigmund (D:2)
  A wyvern (D:10)
  11 yaks
  A steam dragon (D:8)
  Grum (D:10)
  Edmund (D:4)
  3 wargs (D:10)
  2 water moccasins
  10 orc warriors
  A hornet zombie (D:8)
  3 ice beasts
  A sky beast (D:8)
  14 ogres
  2 black bears
  2 wolves (D:10)
  4 centaurs
  A lemure (D:6)
  A kobold brigand (D:6)
  2 gnoll sergeants
  A scorpion (D:6)
  6 wights
  3 howler monkeys
  A centaur zombie (D:8)
  A hound (D:5)
  8 gnoll boudas
  12 orc priests
  A jelly (D:7)
  Jessica (D:2)
  4 iguanas
  A sleepcap (D:5)
  Natasha (thrice) (D:2)
  12 orc wizards
  2 killer bee zombies (D:8)
  3 howler monkey zombies (D:8)
  47 gnolls
  5 adders
  A shadow imp (D:8)
  A white imp (D:7)
  4 ufetubi
  A worm (D:2)
  A dart slug (D:1)
  53 orcs
  4 endoplasms
  2 giant cockroaches
  7 goblins
  9 hobgoblins
  8 jackals
  A quokka (D:5)
  6 ball pythons
  4 bats
  4 frilled lizards
  10 kobolds
  5 rats
322 creatures vanquished.

Vanquished Creatures (others)
  An orc wizard (D:8)
  A kobold (D:6)
2 creatures vanquished.

Grand Total: 324 creatures vanquished

Notes
Turn   | Place    | Note
-------+----------+-------------------------------------------
     0 | D:1      | p00ps00p the Hill Orc Fighter began the quest for the Orb.
     0 | D:1      | Reached XP level 1. HP: 19/19 MP: 1/1
   134 | D:1      | Reached XP level 2. HP: 23/27 MP: 2/2
   161 | D:1      | Reached skill level 3 in Axes
   461 | D:1      | Reached XP level 3. HP: 33/33 MP: 3/3
   631 | D:1      | Found Leuplial's Antique Armour Emporium.
   968 | D:2      | Noticed Jessica
   976 | D:2      | Killed Jessica
   977 | D:2      | Reached XP level 4. HP: 18/41 MP: 4/4
  1302 | D:2      | Found a faded altar of an unknown god.
  1370 | D:2      | Noticed Natasha
  1383 | D:2      | Killed Natasha
  1466 | D:2      | Noticed Natasha
  1477 | D:2      | Killed Natasha
  1478 | D:2      | Reached skill level 4 in Axes
  1478 | D:2      | Reached XP level 5. HP: 19/47 MP: 5/5
  1554 | D:2      | Noticed Natasha
  1564 | D:2      | Killed Natasha
  1966 | D:2      | Noticed Sigmund
  1980 | D:2      | Killed Sigmund
  1981 | D:2      | Reached skill level 5 in Fighting
  1981 | D:2      | Reached XP level 6. HP: 27/56 MP: 6/6
  2293 | D:3      | Reached skill level 5 in Axes
  2855 | D:3      | Found a broken altar of Ashenzari.
  3064 | D:3      | Reached skill level 5 in Armour
  3064 | D:3      | Reached skill level 5 in Shields
  3064 | D:3      | Reached XP level 7. HP: 39/61 MP: 7/7
  3378 | D:3      | You fall into a shaft and drop 2 floors!
  3378 | D:5      | Entered Level 5 of the Dungeon
  3404 | D:4      | Gained mutation: You have sharp fingernails. [potion of
                  | mutation]
  3674 | D:4      | Found Nuask's One-of-a-Kind Rings.
  3675 | D:4      | Noticed Edmund
  3687 | D:4      | Killed Edmund
  3884 | D:4      | Reached skill level 6 in Axes
  4190 | D:3      | Found a shimmering blue altar of Sif Muna.
  4908 | D:5      | Reached XP level 8. HP: 71/71 MP: 8/8
  5767 | D:6      | Reached skill level 7 in Axes
  5984 | D:6      | Found a stormy altar of Qazlal.
  6066 | D:6      | Found a white marble altar of Elyvilon.
  6714 | D:6      | Reached XP level 9. HP: 79/79 MP: 9/9
  6773 | D:7      | Noticed Pikel
  6787 | D:7      | Reached skill level 8 in Axes
  6809 | D:6      | Killed Pikel
  7590 | D:7      | Found a glowing silver altar of Zin.
  7614 | D:7      | Found a staircase to the Ecumenical Temple.
  7626 | Temple   | Entered the Ecumenical Temple
  7635 | Temple   | Became a worshipper of Gozag Ym Sagoz the Greedy
  7834 | D:7      | Found a glowing golden altar of the Shining One.
  7855 | D:7      | Reached skill level 9 in Axes
  8036 | D:1      | Bought a runed helmet for 165 gold pieces
  8816 | D:8      | Reached XP level 10. HP: 57/91 MP: 10/10
  8912 | D:8      | Found a basalt altar of Yredelemnul.
  9419 | D:8      | Reached skill level 10 in Axes
  9499 | D:8      | Found a hide-covered altar of Uskayaw.
  9525 | D:8      | Noticed Jeremiah
  9551 | D:8      | Killed Jeremiah
  9944 | D:8      | Identified the +2 leather armour "Xyulargha" {Int+6 Dex+3
                  | Slay-4}
  9991 | D:8      | Found Bugoew's Book Shoppe.
 10255 | D:9      | Found an iron altar of Okawaru.
 10301 | D:9      | Noticed a two-headed ogre
 10309 | D:9      | Killed a two-headed ogre
 10315 | D:9      | Reached skill level 10 in Fighting
 10353 | D:9      | Found a staircase to the Orcish Mines.
 10481 | D:9      | Found a bloodstained altar of Trog.
 10498 | D:9      | Found a shimmering altar of Xom.
 10748 | D:9      | Found an ancient bone altar of Kikubaaqudgha.
 10755 | D:9      | Found a snail-covered altar of Cheibriados.
 10988 | D:9      | Found a hazy altar of Hepliaklqana.
 11031 | D:9      | Reached skill level 11 in Axes
 11127 | D:10     | Entered Level 10 of the Dungeon
 11192 | D:10     | Noticed Psyche
 11200 | D:10     | Killed Psyche
 11201 | D:10     | Reached XP level 11. HP: 44/101 MP: 11/11
 11704 | D:10     | Found a staircase to the Lair.
 11718 | D:10     | Noticed a two-headed ogre
 11731 | D:10     | Killed a two-headed ogre
 11920 | D:10     | Noticed a cyclops
 11920 | D:10     | Noticed a green ugly thing
 11920 | D:10     | Noticed a centaur warrior
 11920 | D:10     | Noticed a manticore
 11920 | D:10     | Noticed a centaur warrior
 11921 | D:10     | Identified the +3 shortbow of Defiance {flame, *Slow rF++
                  | Str+2 Stlth+}
 11921 | D:10     | Noticed a tengu warrior
 11921 | D:10     | Noticed an ogre mage
 11949 | D:10     | Reached skill level 10 in Shields
 12081 | D:10     | Noticed Grum
 12086 | D:10     | Reached skill level 10 in Armour
 12109 | D:10     | Killed Grum
 12336 | D:10     | Noticed Lodul
 12346 | D:10     | HP: 5/102 [Lodul/bolt of lightning (21)]
 12768 | Orc:1    | Entered Level 1 of the Orcish Mines
 12768 | Orc:1    | Noticed an orc sorcerer
 12782 | D:9      | Killed an orc sorcerer
 12862 | Orc:2    | Entered Level 2 of the Orcish Mines
 12877 | Orc:2    | Reached skill level 12 in Axes
 12880 | Orc:2    | Noticed a cyclops
 12995 | Orc:1    | Killed a cyclops
 13038 | Orc:2    | Noticed an orc knight
 13049 | Orc:2    | Killed an orc knight
 13472 | Orc:2    | Found a staircase to the Elven Halls.
 13514 | Orc:2    | Found Sytozaw's Gadget Gallery.
 13796 | Orc:2    | Found a roughly hewn altar of Beogh.
 14296 | Orc:2    | Reached XP level 12. HP: 46/112 MP: 12/12
 14556 | Orc:2    | Noticed a two-headed ogre
 14588 | Orc:2    | Killed a two-headed ogre
 14962 | Orc:1    | Reached skill level 13 in Axes
 14969 | Orc:1    | Found a roughly hewn altar of Beogh.
 15683 | Orc:2    | Found Nuekinwopar's Jewellery Shoppe.
 15684 | Orc:2    | Noticed an orc high priest
 15694 | Orc:2    | Noticed a sun demon
 15986 | Orc:2    | Paralysed by an orc sorcerer for 5 turns
 16372 | Orc:2    | Bought a +1 pair of gloves of hurling for 247 gold pieces
 16410 | Orc:2    | Fell from the grace of Gozag
 16410 | Orc:2    | Became a worshipper of Beogh the Brigand
 16416 | Orc:2    | HP: 6/169 [poisoned by an orange demon]
 16419 | Orc:2    | HP: 1/169 [poisoned by an orange demon]
 16420 | Orc:2    | Succumbed to an orange demon's poison

Illustrated notes

Levels and vault maps discovered:
D:1:      heliophobic_arrival_glass_houses, layout_loops_ring, serial_shops,
          nicolae_shop_real_fake_doors
D:2:      layout_basic, basic_ecumenical_altar, roderic_serpentine_path,
          kennysheep_big_empty_room, minmay_misc_feat_enclosed, uniq_jessica,
          uniq_sigmund, uniq_natasha
D:3:      layout_basic, marbit_many_paths, lemuel_blue_sif_altar, serial_bayou,
          serial_bayou_pond_c, serial_bayou_pond_a, serial_bayou_pond_a,
          serial_bayou_pond_a
D:4:      layout_cave_pods, nicolae_eternal_life, nicolae_shop_unique_rings,
          wad_floor_pattern_1, uniq_edmund
D:5:      layout_basic, amethyst_killhole
D:6:      layout_loops_cross, nicolae_qazlal_eye_of_the_storm, elyvilon_altar_1
D:7:      layout_basic, mainiacjoe_overflow_catwalk,
          nicolae_overflow_crystal_walls, minmay_temple_entry_statues_fountains,
          uniq_pikel
D:8:      layout_basic, nicolae_yredelemnul_corpse_copse,
          nicolae_uskayaw_suspiria, serial_shops,
          nicolae_shop_tiny_real_fake_doors, uniq_jeremiah
D:9:      layout_roguey, mainiacjoe_overflow_brackets,
          mainiacjoe_overflow_alcove_1,
          chequers_temple_overflow_statue_of_worship, amcnicky_altar_gilded,
          lemuel_doored_altar, david_orc_2
D:10:     layout_cave_pools, erik_lair_orcish_takeover, minivault_12,
          uniq_psyche, uniq_lodul, uniq_grum
Temple:   nicolae_temple_ecumenical_triangle
Orc:1:    layout_diamond_mine, basic_altar, mumra_transporter_accident
Orc:2:    hellmonk_orc_salted, layout_diamond_mine, basic_altar,
          nicolae_shop_gadgets

Skill      XL: |  1  2  3  4  5  6  7  8  9 10 11 12 |
---------------+-------------------------------------+-----
Axes           | 3 4 5 6 7 9 11 12 13 | 13.4
Fighting       | 4 5 6 7 9 10 11 12 | 12.7
Armour         | 4 5 6 8 9 10 11 | 11.6
Shields        | 4 5 6 8 9 10 11 | 11.6

Action                     |  1- 3 |  4- 6 |  7- 9 | 10-12 || total
---------------------------+-------+-------+-------+-------++-------
  Melee: War axe           |    89 |   126 |   325 |   484 ||  1024
 Invoke: Potion Petition   |       |       |       |     2 ||     2
         Call Merchant     |       |       |       |     1 ||     1
         Convert to Beogh  |       |       |       |     1 ||     1
  Evoke: Wand              |       |       |     8 |     7 ||    15
         Condenser vane    |       |       |       |     2 ||     2
    Use: Scroll            |     1 |     3 |     8 |    10 ||    22
         Potion            |     1 |       |     3 |    11 ||    15
   Stab: Distracted        |       |       |       |     1 ||     1
 Armour: Scale mail        |    61 |    76 |       |       ||   137
         Chain mail        |       |    23 |   386 |   268 ||   677
         Plate armour      |       |       |       |   242 ||   242
  Dodge: Dodged            |    44 |    69 |   158 |   153 ||   424
  Block: Buckler           |    14 |    29 |   136 |   145 ||   324

Table legend: (Time is in decaauts)
 A = Elapsed time spent in this place.
 B = Non-inter-level travel time spent in this place.
 C = Inter-level travel time spent in this place.
 D = Time resting spent in this place.
 E = Time spent auto-exploring this place.
 F = Levels seen in this place.
 G = Mean time per level.
                   A        B        C        D        E       F      G
               +--------+--------+--------+--------+--------+-----+--------+
         Total |  16492 |  15564 |    928 |   5027 |   7824 |  13 | 1268.6 |
       Dungeon |  12878 |  12022 |    856 |   3315 |   6659 |  10 | 1287.8 |
        Temple |     18 |      9 |      9 |      0 |      0 |   1 |   18.0 |
  Orcish Mines |   3594 |   3531 |     63 |   1712 |   1165 |   2 | 1797.0 |
               +--------+--------+--------+--------+--------+-----+--------+

Top non-repeatable levels by time:
   Orc:2: 2975 daAuts
     D:6: 1569 daAuts
     D:8: 1552 daAuts
     D:3: 1507 daAuts
     D:2: 1416 daAuts
     D:9: 1297 daAuts
     D:4: 1234 daAuts
    D:10: 1227 daAuts
     D:7: 1104 daAuts
     D:5: 1005 daAuts
     D:1: 964 daAuts
   Orc:1: 619 daAuts
  Temple: 18 daAuts
